 Dungeon Crawl Stone Soup version 0.23.0-33-g5e6c059fef (webtiles) character file.

Game seed: 1937473844104909502

2457 Jukra the Cleaver (level 9, -1/118 HPs)
             Began as a Minotaur Berserker on Feb 26, 2019.
             Was a Priest of Trog.
             Slain by a 13-headed hydra (5 damage)
             ... on level 1 of the Lair of Beasts.
             The game lasted 00:30:50 (5721 turns).

Jukra the Cleaver (Minotaur Berserker)              Turns: 5721, Time: 00:30:51

Health: -1/118     AC: 15    Str: 30    XL:     9   Next: 26%
Magic:  8/8        EV: 10    Int:  4    God:    Trog [***...]
Gold:   321        SH: 11    Dex: 10    Spells: 8/8 levels left

rFire    . . .     SeeInvis .   a - +1 hand axe
rCold    + . .     Gourm    .   d - +0 shield
rNeg     . . .     Faith    +   k - +5 scale mail {MR+}
rPois    .         Spirit   .   (helmet restricted)
rElec    .         Reflect  .   u - +0 cloak
rCorr    .         Harm     .   m - +0 pair of gloves
MR       +++..                  (no boots)
Stlth    ..........             i - amulet of faith
HPRegen  1.29/turn              A - ring of protection from fire
MPRegen  0.11/turn              z - ring of ice

@: berserking, regenerating, very quick
A: retaliatory headbutt, horns 2
a: Berserk, Trog's Hand, Renounce Religion


You were on level 1 of the Lair of Beasts.
You worshipped Trog.
Trog was most pleased with you.
You were not hungry.

You visited 3 branches of the dungeon, and saw 9 of its levels.

You collected 321 gold pieces.

Inventory:

Hand Weapons
 a - a +1 hand axe (weapon)
Missiles
 o - 44 arrows
Armour
 d - a +0 shield (worn)
 k - a +5 scale mail of magic resistance (worn)
 m - a +0 pair of gloves (worn)
 u - a +0 cloak (worn)
Jewellery
 i - an amulet of faith (around neck)
 t - a +5 amulet of reflection
 z - a ring of ice (right hand)
 A - a ring of protection from fire (left hand)
Scrolls
 g - 7 scrolls of identify
 j - 5 scrolls of remove curse
 q - a scroll of enchant weapon
 r - a scroll of teleportation
Potions
 b - a potion of ambrosia {unknown}
 e - 2 potions of curing {unknown}
 f - a potion of invisibility {unknown}
 h - a potion of degeneration {unknown}
 s - a potion of resistance {unknown}
 v - a potion of might {unknown}
 w - 3 potions of haste {unknown}
 x - a potion of brilliance {unknown}
 B - a potion of agility
Comestibles
 c - 8 rations


   Skills:
 * Level 7.6 Fighting
 * Level 9.3 Axes
 + Level 7.2 Armour
 + Level 5.0 Dodging
 + Level 5.6 Shields


You had 8 spell levels left.
You didn't know any spells.
Your spell library contained the following spells:

 Spells                   Type           Power        Failure   Level  Hunger
 Flame Tongue             Conj/Fire      #....        98%         1    ##.....
 Throw Flame              Conj/Fire      #.....       99%         2    ###....
 Conjure Flame            Conj/Fire      #.......     100%        3    ####...
 Inner Flame              Hex/Fire       #.......     100%        3    ####...
 Sticky Flame             Conj/Fire      #.......     100%        4    #####..
 Fireball                 Conj/Fire      #.........   100%        5    ######.


Dungeon Overview and Level Annotations

Branches:
Dungeon (9/15)             Temple (1/1) D:5            Lair (1/6) D:9
    Orc: D:9-12

Altars:
Ashenzari
Cheibriados
Dithmenos
Fedhas
Gozag
Kikubaaqudgha
Nemelex Xobeh
Qazlal
Ru
Trog
Uskayaw
Vehumet
Wu Jian
Xom
Yredelemnul
Zin


Innate Abilities, Weirdness & Mutations

You reflexively headbutt those who attack you in melee.
You have a pair of horns on your head.


Message History

The 13-headed hydra misses you. The 13-headed hydra bites you.
* * * LOW HITPOINT WARNING * * *
The 13-headed hydra bites you but does no damage.
The water moccasin bites you but does no damage.
You are too berserk!
You barely miss the 13-headed hydra.
The 13-headed hydra is severely wounded.
You hit the water moccasin but do no damage.
You slash the crocodile! The crocodile barely misses you.
The water moccasin misses you. You block the 13-headed hydra's attack.
The 13-headed hydra barely misses you. The 13-headed hydra bites you!
* * * LOW HITPOINT WARNING * * *
The 13-headed hydra bites you but does no damage.
The 13-headed hydra bites you.
* * * LOW HITPOINT WARNING * * *
The 13-headed hydra bites you!
* * * LOW HITPOINT WARNING * * *
The 13-headed hydra barely misses you.
The 13-headed hydra closely misses you. x2
The 13-headed hydra bites you.
You die...

♣............
♣............
#♣...$........
♣♣.............
.?.............
.........H.....
#....tS>.#
#...D@...#
##.......#
#.(.......#
##.......##
#.......#
#.......#
#.......#
#......$#


You could see a 13-headed hydra, a hippogriff, a water moccasin and a crocodile.

Vanquished Creatures
  A troll (D:9)
  Sigmund (D:3)
  2 yaks (D:9)
  Duvessa (D:4)
  2 porcupines (D:9)
  2 black bears (D:9)
  A necrophage (D:5)
  A phantom (D:3)
  A centaur (D:5)
  A crocodile (D:9)
  A bullfrog (D:9)
  Dowan (D:4)
  4 scorpions
  2 vampire bats (D:5)
  2 orc wizards (D:3)
  2 bullfrog skeletons
  4 hounds
  Jessica (D:3)
  An iguana (D:5)
  5 worker ants
  A worker ant zombie (D:5)
  3 gnolls (D:5)
  3 adders
  A shadow imp (D:5)
  2 worms
  2 dart slugs
  A leopard gecko (D:2)
  4 orcs
  15 bats
  9 giant cockroaches
  5 goblins
  8 hobgoblins
  8 jackals
  2 quokkas
  A ball python (D:3)
  7 frilled lizards
  8 kobolds
  A quokka zombie (D:5)
  6 rats
  3 fungi (D:9)
  2 plants (D:9)
128 creatures vanquished.

Vanquished Creatures (others)
  11 fungi (D:9)
  A plant (D:9)
12 creatures vanquished.

Grand Total: 140 creatures vanquished

Notes
Turn   | Place    | Note
-------+----------+-------------------------------------------
     0 | D:1      | Jukra the Minotaur Berserker began the quest for the Orb.
     0 | D:1      | Reached XP level 1. HP: 19/19 MP: 0/0
   208 | D:1      | Reached XP level 2. HP: 19/27 MP: 1/1
   523 | D:1      | Reached skill level 4 in Axes
   778 | D:1      | Reached XP level 3. HP: 34/34 MP: 2/2
  1142 | D:2      | Reached ** piety under Trog
  2189 | D:3      | Noticed Jessica
  2194 | D:3      | Killed Jessica
  2194 | D:3      | Reached XP level 4. HP: 41/41 MP: 3/3
  2492 | D:3      | Noticed Sigmund
  2501 | D:3      | Killed Sigmund
  2501 | D:3      | Reached skill level 5 in Fighting
  2501 | D:3      | Reached skill level 5 in Axes
  2501 | D:3      | Reached skill level 1 in Shields
  2501 | D:3      | Reached XP level 5. HP: 48/48 MP: 4/4
  2501 | D:3      | Reached XP level 6. HP: 56/56 MP: 5/5
  2804 | D:3      | Reached *** piety under Trog
  2888 | D:3      | Reached skill level 5 in Armour
  3443 | D:4      | Noticed Dowan
  3444 | D:4      | Noticed Duvessa
  3453 | D:4      | Killed Duvessa
  3453 | D:4      | Reached XP level 7. HP: 61/61 MP: 6/6
  3456 | D:4      | Killed Dowan
  3518 | D:4      | Reached skill level 6 in Axes
  3999 | D:5      | Entered Level 5 of the Dungeon
  4011 | D:5      | Found a staircase to the Ecumenical Temple.
  4109 | Temple   | Entered the Ecumenical Temple
  4567 | D:5      | Reached XP level 8. HP: 70/70 MP: 7/7
  4824 | D:5      | Reached skill level 7 in Axes
  5146 | D:6      | You fall through a shaft for 3 floors!
  5311 | D:9      | Reached **** piety under Trog
  5311 | D:9      | Reached skill level 8 in Axes
  5320 | D:9      | Found a staircase to the Lair.
  5326 | D:9      | Reached skill level 5 in Shields
  5334 | D:9      | Reached XP level 9. HP: 51/79 MP: 8/8
  5399 | D:9      | Reached skill level 9 in Axes
  5645 | D:9      | Noticed a troll
  5656 | D:9      | Killed a troll
  5656 | D:9      | Reached skill level 5 in Dodging
  5709 | Lair:1   | Entered Level 1 of the Lair of Beasts
  5709 | Lair:1   | Noticed a seven-headed hydra
  5721 | Lair:1   | HP: 4/118 [13-headed hydra (8)]
  5721 | Lair:1   | Slain by a 13-headed hydra

Skill      XL: |  1  2  3  4  5  6  7  8  9 |
---------------+----------------------------+-----
Fighting       | 4 5 6 7 |  7.6
Axes           | 4 5 6 8 9 |  9.3
Armour         | 3 4 5 6 7 |  7.2
Dodging        | 3 4 5 |  5.0
Shields        | 1 2 3 5 |  5.6

Action                   |  1- 3 |  4- 6 |  7- 9 || total
-------------------------+-------+-------+-------++-------
Melee: Hand axe          |    99 |   107 |   220 ||   426
       Headbutt          |    15 |    18 |    48 ||    81
Invok: Berserk           |       |     2 |     4 ||     6
       Trog's Hand       |       |     2 |     2 ||     4
  Use: Scroll            |       |     4 |     9 ||    13
       Potion            |       |       |     1 ||     1
  Eat: Chunk             |     1 |     5 |    11 ||    17
       Ration            |     1 |       |     1 ||     2
Armor: Animal skin       |     5 |       |       ||     5
       Ring mail         |    34 |       |       ||    34
       Chain mail        |       |    58 |       ||    58
       Scale mail        |       |     5 |   100 ||   105
Dodge: Dodged            |    57 |    26 |   101 ||   184
Block: Other             |     2 |     4 |       ||     6
       Shield            |       |    46 |   114 ||   160
